 Dungeon Crawl Stone Soup version 0.29-a0-91-gdebf4667c2 (webtiles) character file.

Game seed: 5986030183218638329

1472 lordive the Ruffian (level 8, -3/74 HPs)
             Began as a Troll Hunter on Feb 7, 2022.
             Was an Initiate of Cheibriados.
             Slain by a gnoll (9 damage)
             ... on level 7 of the Dungeon.
             The game lasted 00:06:30 (5627 turns).

lordive the Ruffian (Troll Hunter)                  Turns: 5627, Time: 00:06:30

Health: -3/74      AC:  4    Str: 22    XL:     8   Next: 49%
Magic:  7/7        EV: 11    Int: 10    God:    Cheibriados [......]
Gold:   344        SH:  0    Dex: 11    Spells: 7/7 levels left

rFire   . . .      SeeInvis .     - Unarmed
rCold   . . .      Faith    .   (no shield)
rNeg    . . .      Spirit   .   b - +0 robe
rPois   .          Reflect  .   (helmet restricted)
rElec   .          Harm     .   (no cloak)
rCorr   .          Rampage  .   (gloves unavailable)
Will    .....                   (boots unavailable)
Stlth   ++........              (no amulet)
HPRegen 1.02/turn               (no ring)
MPRegen 0.10/turn               (no ring)

@: very slow
A: large, unfitting armour, claws 3, regeneration 1, shaggy fur 1, tough skin 1
a: Renounce Religion


You were on level 7 of the Dungeon.
You worshipped Cheibriados.
Cheibriados was noncommittal.
You visited 2 branches of the dungeon, and saw 8 of its levels.

You collected 344 gold pieces.

Inventory:

Missiles
 c - 2 large rocks (quivered)
 d - 2 throwing nets
 l - 7 poisoned darts
Armour
 b - a +0 robe (worn)
Jewellery
 n - a ring of poison resistance
 p - a ring of magical power
Wands
 v - a wand of iceblast (13)
Scrolls
 a - 11 scrolls of identify {unknown}
 e - a scroll of fear {unknown}
 f - 3 scrolls of enchant armour {unknown}
 j - a scroll of fog {unknown}
 k - a scroll of silence {unknown}
 m - 2 scrolls of enchant weapon {unknown}
 q - 3 scrolls of teleportation {unknown}
 r - 2 scrolls of vulnerability {unknown}
 s - a scroll of immolation {unknown}
 u - a scroll of noise {unknown}
 w - a scroll of amnesia {unknown}
Potions
 g - a potion of berserk rage {unknown}
 h - 2 potions of curing {unknown}
 i - 2 potions of magic {unknown}
 o - 2 potions of attraction {unknown}
 t - a potion of haste {unknown}
 x - a potion of brilliance {unknown}
 z - a potion of mutation {unknown}
 A - a potion of heal wounds {unknown}


   Skills:
 * Level 2.9 Fighting
 * Level 5.2 Throwing
 * Level 2.0 Armour
 * Level 4.2 Dodging
 + Level 1.4 Stealth
 + Level 6.7 Unarmed Combat
 * Level 0.4 Invocations


You had 7 spell levels left.
You didn't know any spells.
Your spell library contained the following spells:

 Spells                   Type           Power      Damage    Failure   Level
 Sandblast                Erth           0%         2d4       36%         1
 Passwall                 Tmut/Erth      0%         N/A       50%         2
 Stone Arrow              Conj/Erth      0%         3d7       75%         3


Dungeon Overview and Level Annotations

Branches:
Dungeon (7/15)             Temple (1/1) D:6

Altars:
Ashenzari
Cheibriados
Elyvilon
Fedhas
Gozag
Kikubaaqudgha
Makhleb
Nemelex Xobeh
Okawaru
Qazlal
Sif Muna
Trog
Uskayaw
Vehumet
Wu Jian
Xom
Yredelemnul
Zin
The Shining One

Shops:
D:1 (   D:6 !


Innate Abilities, Weirdness & Mutations

You are too large for most types of armour.
You have claws for hands.
Your natural rate of healing is unusually fast.
You are covered in fur. (AC +1)
You have tough skin. (AC +1)


Message History

A gnoll comes into view. It is wielding a +0 flail.
The gnoll shouts!
The gnoll moves out of view.
An orc comes into view. It is wielding a +0 mace.
The gnoll hits you with a +0 flail! The gnoll completely misses you.
The orc moves out of view.
The gnoll shouts!
You claw the gnoll!
The gnoll is severely wounded.
You hear a shout!
The gnoll hits you from afar with a +0 halberd! x2
The gnoll closely misses you.
You scratch the gnoll.
The gnoll is severely wounded.
The gnoll hits you from afar with a +0 halberd.
The gnoll barely misses you.
You are too injured to fight recklessly!
You are too injured to fight recklessly!
Unknown command.
You are too injured to fight recklessly!
You are too injured to fight recklessly!
Unknown command.
Throw: 4 large rocks
Press: ? - help, Q - select action, (/) - cycle Shift-Dir - straight line You throw a large rock.
The large rock hits the gnoll but does no damage.
The gnoll misses you.
The gnoll hits you from afar with a +0 halberd!
The gnoll completely misses you. The gnoll closely misses you.
The gnoll hits you from afar with a +0 halberd!
* * * LOW HITPOINT WARNING * * *
Throw: 3 large rocks
Press: ? - help, Q - select action, (/) - cycle Shift-Dir - straight line, f - gnoll
Aim: a gnoll, wielding a +0 halberd (63% to hit)
You throw a large rock.
The large rock closely misses the gnoll.
The gnoll hits you from afar with a +0 halberd!
* * * LOW HITPOINT WARNING * * *
The gnoll hits you with a +0 flail!
You die...

##.# ## ###... .#
##.....##.## ###
#......(... #..
......o...# #.#
#......gg.# #.#
........g.# #.# #@#
###.##### #.#
#.......# #.#
#.#.###.# ##'##
#.....#.# ##...##
#.###.#.# ##.....##
#.# #...# ##.......#
#.###...####........##
...........'.........#


You could see 3 gnolls and an orc.

Vanquished Creatures
  A necrophage (D:4)
  3 black bears
  An ogre (D:4)
  A phantom (D:5)
  2 bullfrogs
  2 howler monkeys
  A centaur zombie (D:5)
  A crimson imp (D:3)
  4 hounds
  2 orc priests (D:4)
  A centaur skeleton (D:6)
  2 gnoll shamans
  3 iguanas
  3 orc wizards
  6 adders
  8 gnolls
  2 adder skeletons (D:4)
  An adder zombie (D:5)
  5 dart slugs
  9 orcs
  13 ball pythons
  7 bats
  5 endoplasms
  4 giant cockroaches
  6 hobgoblins
  8 jackals
  6 kobolds
  3 quokkas
  4 frilled lizards
  6 goblins
  3 goblin skeletons (D:3)
  2 goblin zombies (D:3)
  3 hobgoblin zombies (D:3)
  A kobold skeleton (D:3)
  3 kobold zombies (D:3)
  3 orc zombies (D:3)
  7 rats
142 creatures vanquished.

Vanquished Creatures (others)
  6 plants (D:6)
6 creatures vanquished.

Grand Total: 148 creatures vanquished

Notes
Turn   | Place    | Note
-------+----------+-------------------------------------------
     0 | D:1      | lordive the Troll Hunter began the quest for the Orb.
     0 | D:1      | Reached XP level 1. HP: 19/19 MP: 0/0
    96 | D:1      | Reached XP level 2. HP: 23/27 MP: 1/1
   160 | D:1      | Found Nimuphio's Weapon Shop.
   383 | D:1      | Found a faded altar of an unknown god.
   772 | D:2      | Reached XP level 3. HP: 35/35 MP: 2/2
   846 | D:2      | Reached skill level 1 in Unarmed Combat
  1302 | D:2      | Found a stormy altar of Qazlal.
  1399 | D:2      | Reached XP level 4. HP: 42/42 MP: 3/3
  1642 | D:3      | Reached skill level 2 in Unarmed Combat
  2167 | D:3      | Reached XP level 5. HP: 49/49 MP: 4/4
  2180 | D:3      | Found a glowing golden altar of the Shining One.
  2208 | D:3      | Reached skill level 3 in Unarmed Combat
  2532 | D:4      | Noticed an ogre
  2548 | D:4      | Killed an ogre
  2549 | D:4      | Reached XP level 6. HP: 38/57 MP: 5/5
  2593 | D:4      | Reached skill level 4 in Unarmed Combat
  2642 | D:4      | Found a basalt altar of Yredelemnul.
  2679 | D:4      | Reached skill level 5 in Unarmed Combat
  3304 | D:4      | Reached XP level 7. HP: 54/65 MP: 6/6
  3312 | D:4      | Reached skill level 1 in Stealth
  3667 | D:5      | Entered Level 5 of the Dungeon
  3716 | D:5      | Found a radiant altar of Vehumet.
  3716 | D:5      | Found a white marble altar of Elyvilon.
  3968 | D:5      | Reached skill level 1 in Armour
  4339 | D:5      | Found a shimmering blue altar of Sif Muna.
  4510 | D:6      | Found Ryinogong's Distillery.
  4516 | D:6      | Reached skill level 6 in Unarmed Combat
  4577 | D:6      | Reached XP level 8. HP: 74/74 MP: 7/7
  4751 | D:6      | Reached skill level 5 in Throwing
  4850 | D:6      | Found a sparkling altar of Nemelex Xobeh.
  5134 | D:6      | Found a staircase to the Ecumenical Temple.
  5151 | Temple   | Entered the Ecumenical Temple
  5173 | Temple   | Became a worshipper of Cheibriados the Contemplative
  5627 | D:7      | Slain by a gnoll

Illustrated notes

Levels and vault maps discovered:
D:1:      dpeg_arrival_houses_and_road, layout_basic, basic_ecumenical_altar,
          serial_shops, shop, serial_forest, infiniplex_forest_zigzag_2,
          infiniplex_forest_clump_diagonal, infiniplex_forest_join,
          infiniplex_forest_corner_2, infiniplex_forest_lined_corner,
          infiniplex_forest_clump_large, infiniplex_forest_straight_2
D:2:      layout_loops_corners, basic_altar, nrook_mini_vaults,
          hangedman_decor_peaks_small
D:3:      layout_loops_ring, nicolae_tso_besieged_by_evil, kennysheep_doodads,
          chequers_serial_rivers_large_b
D:4:      layout_layer_cave, mainiacjoe_overflow_chevrons
D:5:      layout_basic, mainiacjoe_overflow_large_starburst,
          nicolae_sif_muna_little_library, eino_tiny_chamber
D:6:      layout_loops_ring, mainiacjoe_overflow_cross_hatched,
          minmay_temple_entry_gardened_gates, serial_shops, shop
D:7:      layout_loops_corners, riverfiend_overflow_shadow_ancestor,
          mainiacjoe_overflow_six_doors_small, kennysheep_mini
Temple:   nicolae_temple_x_marks_the_god

Skill      XL: |  1  2  3  4  5  6  7  8 |
---------------+-------------------------+-----
Throwing       | 4 5 |  5.2
Unarmed Combat | 1 2 3 5 6 |  6.7
Dodging        | 2 3 4 |  4.2
Fighting       | 2 |  2.9
Stealth        | 1 |  1.4
Armour         | 1 2 |  2.0
Invocations    | |  0.4

Action                   |  1- 3 |  4- 6 |  7- 9 || total
-------------------------+-------+-------+-------++-------
Melee: Unarmed           |   122 |   183 |   117 ||   422
       Punch             |     4 |     4 |     5 ||    13
Throw: Large rock        |       |     3 |     2 ||     5
 Stab: Sleeping          |     2 |     2 |     2 ||     6
Armor: Robe              |    44 |    45 |    31 ||   120
Dodge: Dodged            |    69 |    79 |    68 ||   216

Table legend: (Time is in decaauts)
 A = Elapsed time spent in this place.
 B = Non-inter-level travel time spent in this place.
 C = Inter-level travel time spent in this place.
 D = Time resting spent in this place.
 E = Time spent auto-exploring this place.
 F = Levels seen in this place.
 G = Mean time per level.
                   A        B        C        D        E       F      G
               +--------+--------+--------+--------+--------+-----+--------+
         Total |   5743 |   5577 |    166 |      0 |   4682 |   8 |  717.9 |
       Dungeon |   5668 |   5512 |    156 |      0 |   4625 |   7 |  809.7 |
        Temple |     74 |     64 |     10 |      0 |     56 |   1 |   74.0 |
               +--------+--------+--------+--------+--------+-----+--------+

Top non-repeatable levels by time:
     D:4: 1171 daAuts
     D:3: 920 daAuts
     D:2: 894 daAuts
     D:6: 883 daAuts
     D:5: 838 daAuts
     D:1: 697 daAuts
     D:7: 263 daAuts
  Temple: 74 daAuts
